 Dungeon Crawl Stone Soup version 0.16-a0-282-ga87e286 (webtiles) character file.

291 Ales the Skirmisher (level 6, 0/56 HPs)
             Began as a Minotaur Berserker on Aug 27, 2014.
             Was a Priest of Trog.
             Slain by a sky beast (5 damage)
             ... on Level 3 of the Dungeon.
             The game lasted 00:14:50 (2643 turns).

Ales the Skirmisher (Minotaur Berserker)            Turns: 2643, Time: 00:14:50

HP   0/56        AC  3     Str 24      XL: 6   Next: 10%
MP   3/3         EV 13     Int  4      God: Trog [***...]
Gold 126         SH  0     Dex  9      Spells:  0 memorised,  5 levels left

rFire  . . .     SeeInvis .     j - +0 scythe
rCold  . . .     Clarity  .     b - +1 animal skin
rNeg   . . .     rCorr    .     (no shield)
rPois  .         rRot     .     (helmet restricted)
rElec  .         Spirit   .     (no cloak)
SustAb .         Warding  .     (no gloves)
rMut   .         Stasis   .     (no boots)
Gourm  .                        (no amulet)
MR     .....                    (no ring)
                                (no ring)

@: not resistant to hostile enchantments, very unstealthy
A: retaliatory headbutt, horns 2
a: Burn Spellbooks, Berserk, Trog's Hand, Renounce Religion


You were on level 3 of the Dungeon.
You worshipped Trog.
Trog was most pleased with you.
You were not hungry.

You visited 1 branch of the dungeon, and saw 3 of its levels.

You collected 126 gold pieces.

Inventory:

Hand weapons
 f - a +1 hand axe
 g - a +2 short sword of speed
 j - a +0 scythe (weapon)
Armour
 a - a +0 leather armour
 b - a +1 animal skin (worn)
 l - a +0 chain mail
Comestibles
 c - 2 bread rations
 k - 2 meat rations
Potions
 d - 2 potions of curing
 h - a potion of might {unknown}
 i - a potion of cancellation {unknown}
 m - a potion of flight {unknown}


   Skills:
 + Level 5.6 Fighting
 + Level 0.7 Short Blades
 + Level 4.7(4.9) Axes
 + Level 1.4(3.3) Polearms
 + Level 2.8 Armour
 + Level 4.3 Dodging
 + Level 0.6 Stealth


You had 5 spell levels left.
You didn't know any spells.

Dungeon Overview and Level Annotations

Branches:
Dungeon (3/15)

Altars:
Dithmenos
Okawaru
Sif Muna


Innate Abilities, Weirdness & Mutations

You reflexively headbutt those who attack you in melee.
You have a pair of horns on your head.


Message History

Your experience leads to an increase in your attributes!
Increase (S)trength, (I)ntelligence, or (D)exterity?
You feel stronger.
You see here 20 stones.
Found a scroll labeled KHIUSO WYIQO.
A sky beast comes into view.
Found a royal jelly.
The sky beast flickers out of sight!
You closely miss something. Something hits you. Something shocks you.
Something hits you. Something shocks you.
You miss something. Something hits you. Something shocks you.
* * * LOW HITPOINT WARNING * * *
Something hits you.
* * * LOW HITPOINT WARNING * * *
Something shocks you.
* * * LOW HITPOINT WARNING * * *
You closely miss something. You headbutt something! Something hits you.
* * * LOW HITPOINT WARNING * * *
Something shocks you.
You die...

#.# .... #.# #...# #.#
####...####
#.#######.........#
#.......# ........##
#####...##.# .....?..#
......#.##.# #%......#
.####......####.......#
.# #.#.#.......@{....#
.# #.......###.......#
.# #.#(#.#...........#
.####.................#
......#.#.#?#.<.......#
###.#...............#.#
#[#.#....##.#..#.##.#
#.#.......#......##.#
###.#.#.#.....#.#...#.#


There were no monsters in sight!

Vanquished Creatures
  The ghost of Sneal the Shield-Bearer, an average FoFi (D:3)
  Sigmund (D:2)
  5 adders
  2 worms (D:2)
  2 giant geckos (D:2)
  2 oozes
  3 orcs (D:3)
  6 bats
  3 giant cockroaches
  14 goblins
  9 hobgoblins
  3 jackals (D:2)
  2 quokkas
  A ball python (D:2)
  3 giant newts
  9 kobolds
  8 rats
74 creatures vanquished.

Notes
Turn   | Place    | Note
--------------------------------------------------------------
     0 | D:1      | Ales, the Minotaur Berserker, began the quest for the Orb.
     0 | D:1      | Reached XP level 1. HP: 19/19 MP: 1/1
   298 | D:1      | Reached XP level 2. HP: 27/27 MP: 1/1
   352 | D:1      | Acquired Trog's second power
   352 | D:1      | Reached skill level 4 in Fighting
   621 | D:2      | Reached XP level 3. HP: 33/33 MP: 2/2
   826 | D:2      | Noticed Sigmund
   913 | D:2      | Killed Sigmund
   913 | D:2      | Reached skill level 5 in Fighting
   913 | D:2      | Reached XP level 4. HP: 25/42 MP: 2/2
  1060 | D:2      | Reached XP level 5. HP: 48/48 MP: 2/2
  1071 | D:2      | Found a deep blue altar of Sif Muna.
  1165 | D:2      | Found a shadowy altar of Dithmenos.
  1544 | D:3      | Noticed Sneal's ghost (average FoFi)
  1870 | D:3      | Found an iron altar of Okawaru.
  2018 | D:3      | Reached skill level 1 in Polearms
  2303 | D:3      | HP: 2/48 [Sneal's ghost (16)]
  2602 | D:3      | Killed Sneal's ghost
  2602 | D:3      | Reached XP level 6. HP: 30/56 MP: 3/3
  2637 | D:3      | Noticed a sky beast
  2643 | D:3      | Slain by a sky beast

Action                   |  1- 3 |  4- 6 || total
-------------------------+-------+-------++-------
Melee: Hand axe          |    15 |       ||    15
       Short sword       |    63 |     3 ||    66
       Scythe            |       |   103 ||   103
  Use: Scroll            |     8 |       ||     8
       Potion            |     2 |     1 ||     3
  Eat: Beef jerky        |       |     2 ||     2
       Bread ration      |       |     1 ||     1
